[Event "*** SCC Grand Prix: Titled Tuesday Blitz"]
[Site "Chess.com"]
[Date "2020.10.13"]
[Round "10"]
[White "PavelShkapenko"]
[Black "GelmanAlexander"]
[Result "1-0"]
[WhiteElo "2737"]
[BlackElo "2592"]
[TimeControl "180+1"]
[EndTime "11:53:13 PDT"]
[Termination "PavelShkapenko won by resignation"]

1. e4 c5 2. c3 e6 3. d4 d5 4. exd5 exd5 5. Nf3 Nc6 6. g3 Nf6 7. Bg2 Bd6 8. dxc5 Bxc5 9. O-O O-O 10. Bg5 Be6 11. Nbd2 h6 12. Nb3 Bxf2+ 13. Rxf2 hxg5 14.
Nxg5 Ng4 15. Nxe6 Nxf2 16. Nxd8 Nxd1 17. Nxc6 bxc6 18. Rxd1 a5 19. Nd4 Rfb8 20. Nxc6 Rxb2 21. Bxd5 Re8 22. Nd4 a4 23. Rf1 Re7 24. Rf2 a3 25. Bb3 g6 26. Nb5 Re1+ 27. Kg2 Rf1 28. Kxf1 1-0

[Event "*** SCC Grand Prix: Titled Tuesday Blitz"]
[Site "Chess.com"]
[Date "2020.10.13"]
[Round "10"]
[White "Maksimus1998"]
[Black "Cocaino74"]
[Result "1-0"]
[WhiteElo "2602"]
[BlackElo "2393"]
[TimeControl "180+1"]
[EndTime "11:53:14 PDT"]
[Termination "Maksimus1998 won by resignation"]

1. e4 c5 2. Nf3 Nc6 3. c3 Nf6 4. e5 Nd5 5. d4 cxd4 6. cxd4 d6 7.
Bc4 Nb6 8. Bb3 dxe5 9. d5 Na5 10.
Nc3 g6 11. Nxe5 Bg7 12. Bf4 Nxb3 13. Qxb3 O-O 14. O-O e6 15. Rfd1 exd5 16. Nxd5 Nxd5 17. Rxd5 Qe7 18. Qd3 Bf5 19. Qd2 Rfd8 20. Rd1 Rxd5 21. Qxd5 Be6 22. Qa5 b6 23. Qa4 Bxe5 24. Bxe5 Bxa2 25.
Bc3 Be6 26. Qd4 f6 27. h4 Rf8 28. h5 gxh5 29. Rd3 Kf7 30. Qe4 Rh8 31. Rf3 f5 32.
Rxf5+ Bxf5 33. Qxf5+ Ke8 34. Bxh8 1-0

[Event "*** SCC Grand Prix: Titled Tuesday Blitz"]
[Site "Chess.com"]
[Date "2020.10.13"]
[Round "10"]
[White "Quiet_Desperation"]
[Black "midedu"]
[Result "0-1"]
[WhiteElo "1905"]
[BlackElo "2102"]
[TimeControl "180+1"]
[EndTime "11:53:20 PDT"]
[Termination "midedu won by resignation"]

1. e4 c5 2. Nf3 Nc6 3. d4 cxd4 4. Nxd4 Nf6 5. Nc3 Qb6 6. Nb3 e6 7. Be3 Qc7 8. Bd3 a6 9. a4 b6 10. O-O Be7 11. f4 d6 12. Kh1 O-O 13. Rf3 Rd8 14. Rh3 Nd7 15. e5 Nf8 16. Bxh7+ Nxh7 17. Qh5 Kf8 18.
Qxh7 Ke8 19. Qg8+ Bf8 20. Ne4 Ne7 21. Qh8 dxe5 22. fxe5 Qxe5 23. Bxb6 Bb7 24. Bxd8 Rxd8 25. Nc3 Ng6 26. Qh5 Bxg2+ 27. Kg1 Bxh3 28. Qxh3 Nf4 29. Qf3 Bb4 30. Rf1 g5 31. Ne4 Be7 32. c3 Rd3 33. Qh1 Nh3+ 0-1

[Event "*** SCC Grand Prix: Titled Tuesday Blitz"]
[Site "Chess.com"]
[Date "2020.10.13"]
[Round "10"]
[White "EddieMarsalla"]
[Black "Snegokhod"]
[Result "1/2-1/2"]
[WhiteElo "2559"]
[BlackElo "2442"]
[TimeControl "180+1"]
[EndTime "11:53:21 PDT"]
[Termination "Game drawn by repetition"]

1. d4 Nf6 2. Nf3 g6 3. Bg5 Ne4 4. Nbd2 Nxg5 5. Nxg5 e5 6. Ngf3 exd4 7. Nxd4 Bg7 8. c3 O-O 9. e3 d5 10. Bd3 c5 11.
N4f3 Nc6 12. O-O Be6 13. Re1 Re8 14. Qa4 a6 15. Rad1 b5 16. Qf4 Qb8 17. Qh4 Qd8 18.
Qg3 Qb8 19. e4 Qxg3 20. hxg3 d4 21. cxd4 Nxd4 22. Nxd4 Bxd4 23. b3 Red8 24. Nf3 Bc3 25. Rf1 c4 26. bxc4 bxc4 27. Be2 Bb2 28. Ng5 c3 29. Nxe6 fxe6 30. Bd3 Rxd3 31. Rxd3 c2 32. Rd6 c1=Q 33. Rxc1 Bxc1 34. Rxe6 a5 35. f4 a4 36. Kf2 a3 37. Rc6 Bb2 38. e5 Ra7 39. g4 Rd7 40.
Kf3 Rd2 41. e6 Kf8 42. f5 Bf6 43. Rc7 Bg5 44. f6 Bxf6 45. Rf7+ Ke8 46. Rxf6 Rxa2 47.
Rf7 Rb2 48. Rxh7 Rb3+ 49. Kf4 Rb4+ 50. Kg5 Ra4 51. Kf6 Rf4+ 52. Kg5 Ra4 53. Kf6 Rf4+ 54.
Ke5 Ra4 55. Kf6 1/2-1/2

[Event "*** SCC Grand Prix: Titled Tuesday Blitz"]
[Site "Chess.com"]
[Date "2020.10.13"]
[Round "10"]
[White "Zkid"]
[Black "Denis_Makhnyov"]
[Result "1-0"]
[WhiteElo "2839"]
[BlackElo "2878"]
[TimeControl "180+1"]
[EndTime "11:53:22 PDT"]
[Termination "Zkid won on time"]

1. e4 e5 2. Nf3 Nc6 3. Bc4 Bc5 4. c3 Nf6 5. d4 exd4 6. e5 d5 7. Bb5 Ne4 8. cxd4 Bb6 9. Nc3 O-O 10. Be3 Bg4 11. h3 Bh5 12. Qc2 Nxc3 13. Bxc6 bxc6 14. Qxc3 Bxf3 15. gxf3 f6 16. f4 fxe5 17. fxe5 Qd7 18. O-O-O Rae8 19. Kb1 Rf3 20. Ka1 Re6 21. h4 a5 22. h5 Qe7 23. Rdg1 Qb4 24. Qd3 c5 25.
dxc5 Qxc5 26. Qd1 Rxe3 27. fxe3 Rxe5 28. Rg4 h6 29. Rhg1 Re7 30. e4 dxe4 31. Qd8+ Kh7 32. Rg6 Qe5 33. Rxh6+ 1-0

[Event "*** SCC Grand Prix: Titled Tuesday Blitz"]
[Site "Chess.com"]
[Date "2020.10.13"]
[Round "10"]
[White "Barmen_EV"]
[Black "bakki78"]
[Result "0-1"]
[WhiteElo "2495"]
[BlackElo "2732"]
[TimeControl "180+1"]
[EndTime "11:53:26 PDT"]
[Termination "bakki78 won by checkmate"]

1. d4 Nf6 2. c4 g6 3. Nc3 Bg7 4. e4 d6 5. f4 O-O 6. Nf3 Na6 7. Bd3 e5 8. fxe5 dxe5 9. d5 Bg4 10. O-O Nc5 11.
Bc2 a5 12. Be3 Nfd7 13. h3 Bxf3 14. Qxf3 Ra6 15. a3 Rb6 16. Rab1 Rf6 17. Qe2 Rxf1+ 18. Rxf1 Qe7 19. Rb1 Na6 20. Ba4 Ndc5 21. Bb5 Nb3 22. Bxa6 bxa6 23. c5 Nxc5 24. Qc4 Nb7 25. Qxa6 Nd6 26.
Qxa5 f5 27. Bc5 fxe4 28. Nxe4 Bh6 29. Qb4 Qf7 30. Bxd6 cxd6 31. Qxd6 Be3+ 32. Kh1 Qf4 33. Qe6+ Kg7 34. Nd6 h5 35. Ne8+ Kh6 36. d6 h4 37.
d7 Qf1+ 38. Rxf1 Rxf1+ 39. Kh2 Bg1+ 40. Kh1 Bf2+ 41. Kh2 Bg3# 0-1

[Event "*** SCC Grand Prix: Titled Tuesday Blitz"]
[Site "Chess.com"]
[Date "2020.10.13"]
[Round "10"]
[White "GigaQuparadze"]
[Black "chito89"]
[Result "1-0"]
[WhiteElo "2956"]
[BlackElo "2797"]
[TimeControl "180+1"]
[EndTime "11:53:27 PDT"]
[Termination "GigaQuparadze won by resignation"]

1. e4 c5 2. Nf3 e6 3. d4 cxd4 4. Nxd4 Nc6 5. Nc3 Nf6 6. Nxc6 bxc6 7. e5 Nd5 8. Ne4 Qc7 9. f4 Qb6 10. c4 Bb4+ 11. Ke2 f5 12. Nf2 Bc5 13. Nd3 Ne3 14. Qa4 Nxf1 15. Rxf1 Bd4 16. Rb1 c5 17. Be3 Bxe3 18.
Kxe3 Bb7 19. Qb5 Rc8 20. b4 cxb4+ 21. Qxb6 axb6 22. Rxb4 O-O 23. g3 Ra8 24. a4 Bc6 25.
Rfb1 Ra6 26. c5 bxc5 27. Nxc5 Ra5 28. Kd4 Rfa8 29. Rb8+ Rxb8 30. Rxb8+ Kf7 31. Kc4 Bxa4 32. Kb4 Rxc5 33. Kxc5 h6 34. Kd6 g5 35. Rb7 1-0

[Event "*** SCC Grand Prix: Titled Tuesday Blitz"]
[Site "Chess.com"]
[Date "2020.10.13"]
[Round "10"]
[White "hungrycaterpillar4"]
[Black "Mr_Sinigami"]
[Result "1-0"]
[WhiteElo "2688"]
[BlackElo "2518"]
[TimeControl "180+1"]
[EndTime "11:53:29 PDT"]
[Termination "hungrycaterpillar4 won on time"]

1. f4 d5 2. Nf3 Nf6 3. e3 g6 4.
Be2 Bg7 5. O-O O-O 6. d3 c5 7. Ne5 Nfd7 8. d4 f6 9. Nf3 e6 10. c3 b6 11. Bd2 Ba6 12. Be1 Bxe2 13. Qxe2 Nc6 14. Nbd2 Qe7 15. Bh4 Qd6 16. Rae1 e5 17. fxe5 fxe5 18. dxc5 bxc5 19. e4 d4 20. Qc4+ Kh8 21.
Ng5 dxc3 22. Qxc3 Nf6 23. Nc4 Qe7 24. Qh3 h6 25. Ne6 Rf7 26. Nxg7 Kxg7 27. Ne3 Qf8 28. Bxf6+ Rxf6 29. Rxf6 Qxf6 30. Qd7+ Kh8 31. Rf1 Qg5 32. Nd5 Nd4 33. Nf6 Nf3+ 34. Rxf3 Qd2 35. Qxd2 1-0

[Event "*** SCC Grand Prix: Titled Tuesday Blitz"]
[Site "Chess.com"]
[Date "2020.10.13"]
[Round "10"]
[White "Gabix_94"]
[Black "RaunakSadhwani2005"]
[Result "0-1"]
[WhiteElo "2789"]
[BlackElo "2953"]
[TimeControl "180+1"]
[EndTime "11:53:30 PDT"]
[Termination "RaunakSadhwani2005 won on time"]

1. Nf3 d5 2. g3 Nc6 3. Bg2 e5 4. d3 f6 5. O-O Be6 6. e4 d4 7.
Nh4 Qd7 8. a3 Nge7 9. Nd2 g5 10.
Nf5 Nxf5 11. exf5 Bxf5 12. Ne4 Be7 13. f4 gxf4 14. gxf4 O-O-O 15. Ng3 Bg4 16. Qd2 h5 17. b4 h4 18. Ne4 Rdg8 19. b5 Nd8 20. fxe5 h3 21. exf6 hxg2 22. Rf4 Bf8 23. Qa5 Kb8 24. f7 Nxf7 0-1

[Event "*** SCC Grand Prix: Titled Tuesday Blitz"]
[Site "Chess.com"]
[Date "2020.10.13"]
[Round "10"]
[White "AIROPITO7"]
[Black "tdf98pantani"]
[Result "0-1"]
[WhiteElo "2553"]
[BlackElo "2726"]
[TimeControl "180+1"]
[EndTime "11:53:32 PDT"]
[Termination "tdf98pantani won by resignation"]

1. e4 e5 2. Nf3 Nc6 3. Bb5 a6 4. Bxc6 dxc6 5. Nc3 Bd6 6. d4 exd4 7. Nxd4 Ne7 8. Be3 O-O 9. Qd2 c5 10. Nde2 b6 11. O-O Bb7 12. Rad1 f5 13. Bg5 fxe4 14. Ng3 Bxg3 15. hxg3 Qxd2 16. Rxd2 Nf5 17. Rfd1 Bc6 18. Bf4 Rac8 19. Ne2 h6 20. Be5 e3 21. fxe3 Nxe3 22. Rc1 Rf5 23. Bc3 Rcf8 24. Nf4 g5 25. Ng6 Rf1+ 26. Rxf1 Rxf1+ 27. Kh2 Ng4+ 28. Kh3 Nf2+ 29.
Rxf2 Bd7+ 30. g4 Rxf2 0-1

[Event "*** SCC Grand Prix: Titled Tuesday Blitz"]
[Site "Chess.com"]
[Date "2020.10.13"]
[Round "10"]
[White "temus_galaktionov"]
[Black "Gulkov_Igor"]
[Result "1-0"]
[WhiteElo "2642"]
[BlackElo "2475"]
[TimeControl "180+1"]
[EndTime "11:53:32 PDT"]
[Termination "temus_galaktionov won by resignation"]

1. d4 Nf6 2. Nf3 g6 3. c4 Bg7 4.
Nc3 d6 5. e4 O-O 6. Be2 Bg4 7.
Ng1 Bc8 8. Nf3 Bg4 9. Ng1 Bc8 10. Be3 e5 11. d5 Nbd7 12. g4 Nc5 13. f3 h5 14. g5 Nh7 15. h4 f6 16. b4 Na6 17.
a3 fxg5 18. hxg5 Nxg5 19. Qd2 Bf6 20. O-O-O Nf7 21. Nh3 Bxh3 22. Rxh3 Bg5 23. Rg1 Bxe3 24. Qxe3 Kh7 25. Rhg3 Rg8 26. f4 Qf6 27. f5 gxf5 28.
exf5 Rxg3 29. Qxg3 Qh6+ 30. Kc2 Kh8 31. Ne4 h4 32.
Qg6 Qxg6 33. fxg6 Nh6 34. g7+ Kg8 35. Bh5 1-0

[Event "*** SCC Grand Prix: Titled Tuesday Blitz"]
[Site "Chess.com"]
[Date "2020.10.13"]
[Round "10"]
[White "Forantes"]
[Black "norwaytoadog"]
[Result "0-1"]
[WhiteElo "2420"]
[BlackElo "2325"]
[TimeControl "180+1"]
[EndTime "11:53:34 PDT"]
[Termination "norwaytoadog won by checkmate"]

1. f4 d5 2. b3 c5 3. Bb2 Nc6 4. Nf3 Bg4 5. e3 a6 6. Be2 e6 7. O-O Nf6 8. h3 Bh5 9. g4 Bg6 10. f5 exf5 11. Bxf6 Qxf6 12. Nc3 fxg4 13. hxg4 Qd6 14.
Kg2 Ne5 15. d4 Nxg4 16. Qd2 Be4 17. Nxe4 dxe4 18. Qa5 exf3+ 19. Kxf3 Qc6+ 20. Kxg4 Qg2+ 21. Kf4 Bd6+ 22. Kf5 Qg6# 0-1

[Event "*** SCC Grand Prix: Titled Tuesday Blitz"]
[Site "Chess.com"]
[Date "2020.10.13"]
[Round "10"]
[White "frederiksvane"]
[Black "Ave_Mariia"]
[Result "1-0"]
[WhiteElo "2696"]
[BlackElo "2523"]
[TimeControl "180+1"]
[EndTime "11:53:39 PDT"]
[Termination "frederiksvane won by resignation"]

1. e4 c5 2. Nf3 d6 3. Bb5+ Nd7 4. a4 a6 5. Bxd7+ Bxd7 6. a5 Nf6 7. d3 g6 8. O-O Bg7 9. e5 dxe5 10. Nxe5 O-O 11. Qe2 Nd5 12. Re1 Be6 13. Nd2 f6 14. Nxg6 hxg6 15.
Qxe6+ Kh7 16. Ne4 Nc7 17. Qh3+ Kg8 18. Nxc5 e5 19. Ne6 Nxe6 20. Qxe6+ Rf7 21. Be3 Qc7 22.
Qb3 Kh8 23. Ra4 Bf8 24. Rh4+ Rh7 25. Rxh7+ Qxh7 26. d4 Bd6 27. dxe5 Bxe5 28. h3 Rc8 29. c3 g5 30. Bxg5 Rg8 31. Rxe5 Qb1+ 32. Kh2 fxe5 33. Bf6+ Kh7 34. Qf7+ Kh6 35. Qxg8 Qf5 36.
Qg7+ Kh5 37. g4+ 1-0

[Event "*** SCC Grand Prix: Titled Tuesday Blitz"]
[Site "Chess.com"]
[Date "2020.10.13"]
[Round "10"]
[White "TokChess"]
[Black "elcandado"]
[Result "1-0"]
[WhiteElo "2432"]
[BlackElo "2546"]
[TimeControl "180+1"]
[EndTime "11:53:40 PDT"]
[Termination "TokChess won by resignation"]

1. Nf3 Nf6 2. g3 d5 3. Bg2 Bf5 4. O-O e6 5. d4 Be7 6. c4 c6 7.
Qb3 Qb6 8. c5 Qa6 9. Bf4 Nbd7 10. Rc1 Rc8 11. Bf1 b5 12. a4 Nh5 13. Bd2 Bxb1 14.
Rcxb1 Qb7 15. axb5 cxb5 16. Qa2 Ra8 17. Qa6 Qxa6 18.
Rxa6 Nb8 19. Ra3 Nc6 20. e3 Rb8 21. Ra6 Kd7 22. Rba1 Rb7 23. Rxc6 Kxc6 24. Ne5+ Kc7 25. Nxf7 Ra8 26. Ra6 Bf8 27. Ba5+ Kc8 28. Rxe6 Nf6 29. Ne5 Re7 30. Rc6+ Kb7 31. Bxb5 a6 32. Rb6+ Kc8 33. Bxa6+ 1-0

[Event "*** SCC Grand Prix: Titled Tuesday Blitz"]
[Site "Chess.com"]
[Date "2020.10.13"]
[Round "10"]
[White "NMZanette"]
[Black "ehrenfeld"]
[Result "0-1"]
[WhiteElo "2261"]
[BlackElo "2485"]
[TimeControl "180+1"]
[EndTime "11:53:40 PDT"]
[Termination "ehrenfeld won by resignation"]

1. e4 d6 2. d4 g6 3. Nc3 Bg7 4. Be3 b6 5. h3 Bb7 6. Qd2 Nd7 7.
O-O-O c5 8. Nf3 a6 9. h4 Ngf6 10.
e5 cxd4 11. Bxd4 dxe5 12. Nxe5 Nxe5 13. Bxe5 Qxd2+ 14. Rxd2 O-O 15. Kd1 Rfd8 16. Bd4 b5 17. a3 Bh6 18. Rd3 Ng4 19. Ke1 e5 20. Bb6 Re8 21. f3 Nf6 22. Rd6 Nh5 23. Rd7 Bc6 24. Rd6 Rac8 25. Bd3 Bf8 26. Rxc6 Rxc6 27. Be3 Nf4 28.
Bf1 Bc5 29. Bd2 Bd4 30. g3 Bxc3 31. Bxc3 Nd5 32. Ba5 Rxc2 0-1

[Event "*** SCC Grand Prix: Titled Tuesday Blitz"]
[Site "Chess.com"]
[Date "2020.10.13"]
[Round "10"]
[White "rpragchess"]
[Black "tornikesanikidze"]
[Result "0-1"]
[WhiteElo "2885"]
[BlackElo "2720"]
[TimeControl "180+1"]
[EndTime "11:53:43 PDT"]
[Termination "tornikesanikidze won on time"]

1. Nf3 Nf6 2. g3 g6 3. Bg2 Bg7 4. O-O O-O 5. d4 d5 6. c3 b6 7. c4 c6 8. Nc3 dxc4 9. Ne5 Be6 10. Nxc6 Nxc6 11. Bxc6 Rc8 12. Bg2 Nd5 13. e4 Nb4 14. d5 Bd7 15. Be3 Nd3 16. Qd2 b5 17. a3 a5 18. Bh6 Bxh6 19. Qxh6 b4 20. axb4 axb4 21. Nd1 c3 22. bxc3 bxc3 23. Ne3 c2 24. Rac1 Nxc1 25. Rxc1 Qb6 26. Bf1 Ba4 27. Bh3 Rc7 28. e5 Qb2 29. Ng4 Rb8 30. Bf1 Qxc1 31. Qxc1 Rb1 32. Qh6 Rxf1+ 0-1

[Event "*** SCC Grand Prix: Titled Tuesday Blitz"]
[Site "Chess.com"]
[Date "2020.10.13"]
[Round "10"]
[White "gumimis"]
[Black "korkmaz16"]
[Result "1-0"]
[WhiteElo "2274"]
[BlackElo "2366"]
[TimeControl "180+1"]
[EndTime "11:53:43 PDT"]
[Termination "gumimis won by checkmate"]

1. e4 e6 2. d4 d5 3. Nc3 Nf6 4.
e5 Nfd7 5. f4 c5 6. Nf3 Nc6 7.
Be3 Qb6 8. Na4 Qa5+ 9. c3 cxd4 10. b4 Nxb4 11. cxb4 Bxb4+ 12. Bd2 Bxd2+ 13. Nxd2 b6 14.
Bd3 Ba6 15. Nb2 Nc5 16. Bxa6 Qxa6 17. Nb3 Qa3 18. Nd3 Nxd3+ 19. Qxd3 Qb4+ 20. Kf2 Rc8 21. Rhc1 Rc4 22. Rxc4 dxc4 23. Qxd4 O-O 24. Rc1 b5 25. Nc5 Rc8 26. Nb7 Qa4 27. Qd7 Rb8 28. Nd6 Qxa2+ 29.
Kg1 Qd2 30. Qxf7+ Kh8 31. Rf1 Qd4+ 32. Kh1 Qd3 33. Rg1 c3 34. Ne8 Qg6 35. Qf8# 1-0

[Event "*** SCC Grand Prix: Titled Tuesday Blitz"]
[Site "Chess.com"]
[Date "2020.10.13"]
[Round "10"]
[White "IvanSoriano1"]
[Black "xamax2000"]
[Result "1/2-1/2"]
[WhiteElo "2517"]
[BlackElo "2666"]
[TimeControl "180+1"]
[EndTime "11:53:46 PDT"]
[Termination "Game drawn by repetition"]

1. e4 c5 2. Nf3 d6 3. d4 cxd4 4. Nxd4 Nf6 5. Nc3 g6 6. Be3 a6 7. f3 b5 8. Qd2 Bb7 9. h4 h5 10. Be2 Nbd7 11. O-O Bg7 12. Rad1 Rc8 13. a3 Nb6 14.
Bg5 O-O 15. Bh6 Qc7 16. Bxg7 Kxg7 17. Qg5 Qc5 18. Qxc5 Rxc5 19. Nb3 Rc7 20. Rd4 Rfc8 21. Rfd1 Nfd7 22. Na5 Ba8 23. Kf2 Ne5 24. Ke3 Rxc3+ 25. bxc3 Rxc3+ 26. Kf2 Rxa3 27. Nb3 Ra2 28. Ra1 Rxa1 29.
Nxa1 Kf6 30. Nb3 Ke6 31. Rd1 Nc6 32. Ra1 Bb7 33. c3 Kd7 34. Ke3 Kc7 35. Nd4 Ne5 36. Kf4 f6 37. Ke3 d5 38. exd5 Nxd5+ 39. Kd2 Kd6 40.
Rb1 Nb6 41. Ra1 Ned7 42. g4 e5 43. Nc2 Nc5 44. Rg1 Nd5 45. gxh5 gxh5 46. Rg6 Nb3+ 47.
Ke1 Nf4 48. Rxf6+ Kc5 49. Rf5 Kd6 50. Ne3 Bc6 51. Rf6+ Kc5 52. Rf5 Kd6 53. Rf6+ Kc5 54. Rf5 Kd6 1/2-1/2

[Event "*** SCC Grand Prix: Titled Tuesday Blitz"]
[Site "Chess.com"]
[Date "2020.10.13"]
[Round "10"]
[White "juancruzarias"]
[Black "ChronicUnhappiness"]
[Result "1-0"]
[WhiteElo "2535"]
[BlackElo "2348"]
[TimeControl "180+1"]
[EndTime "11:53:47 PDT"]
[Termination "juancruzarias won on time"]

1. e4 c5 2. Nc3 Nc6 3. Bb5 Nd4 4. Bc4 e6 5. Nge2 a6 6. Nxd4 cxd4 7. Ne2 d5 8. exd5 exd5 9. Bb3 d3 10. cxd3 Bd6 11.
O-O Nf6 12. Ng3 h5 13. Re1+ Kf8 14. Nf1 Bg4 15. Qc2 Rc8 16. Qb1 h4 17. d4 h3 18.
g3 Ne4 19. d3 Nxf2 20. Be3 Qf6 21. Bxf2 Qf3 22. Ne3 Re8 23. Bd1 Rxe3 24. Bxf3 Rxf3 25. Qc2 Rh6 26. Re3 Rhf6 27. Rxf3 Rxf3 28. Re1 g6 29. Re3 Rf5 30. Re5 Bxe5 31. dxe5 Rf3 32. Qc5+ Kg7 33. Qd4 1-0

[Event "*** SCC Grand Prix: Titled Tuesday Blitz"]
[Site "Chess.com"]
[Date "2020.10.13"]
[Round "10"]
[White "kinga2008"]
[Black "fabianvivasz"]
[Result "0-1"]
[WhiteElo "2176"]
[BlackElo "2334"]
[TimeControl "180+1"]
[EndTime "11:53:48 PDT"]
[Termination "fabianvivasz won by resignation"]

1. e4 e5 2. Nf3 Nc6 3. c3 d5 4. exd5 Qxd5 5. d4 exd4 6. cxd4 Bg4 7.
Be2 Bb4+ 8. Nc3 Bxf3 9. Bxf3 Qc4 10. Bxc6+ Qxc6 11. O-O Ne7 12. Bf4 O-O 13. d5 Qd7 14. Qb3 Bxc3 15. bxc3 Qxd5 16. Bxc7 Rfc8 17. c4 Qc6 18.
Be5 Qxc4 19. Qxb7 Ng6 20. Bg3 h5 21. Qf3 h4 22. Bd6 Rc6 23. Ba3 Rac8 24. h3 Qa4 25. Bb2 Rc2 26. Rab1 Qxa2 27. Bc1 Qxb1 0-1

[Event "*** SCC Grand Prix: Titled Tuesday Blitz"]
[Site "Chess.com"]
[Date "2020.10.13"]
[Round "10"]
[White "shriyanasmallya"]
[Black "TC2304"]
[Result "0-1"]
[WhiteElo "1629"]
[BlackElo "2235"]
[TimeControl "180+1"]
[EndTime "11:53:48 PDT"]
[Termination "TC2304 won by checkmate"]

1. e4 c5 2. Nc3 a6 3. f4 b5 4. Nf3 Bb7 5. d3 e6 6. g3 Nf6 7. Bg2 d5 8. exd5 Nxd5 9. O-O Be7 10. Nxd5 Bxd5 11. Ne1 O-O 12. Bf3 Nc6 13. Ng2 Bxf3 14.
Qxf3 Nd4 15. Qd1 Rc8 16. c3 Nf5 17. g4 Nh4 18. Nxh4 Bxh4 19. f5 Qd5 20. Qe2 Rcd8 21. Be3 Rfe8 22. Rad1 exf5 23. Rxf5 Qe6 24. Rf3 Bg5 25. Re1 Qxg4+ 26. Qg2 Qxg2+ 27. Kxg2 Bxe3 28. Rfxe3 Kf8 29. Rxe8+ Rxe8 30. Rxe8+ Kxe8 31. Kf3 Ke7 32.
Ke4 Kd6 33. Kf5 a5 34. b3 b4 35. c4 h6 36. h4 h5 37. Kg5 Ke5 38. Kxh5 Kf5 39. d4 cxd4 40. c5 d3 41. c6 d2 42.
c7 d1=Q# 0-1

[Event "*** SCC Grand Prix: Titled Tuesday Blitz"]
[Site "Chess.com"]
[Date "2020.10.13"]
[Round "10"]
[White "PavelChernomordik"]
[Black "CzechmVIII"]
[Result "1-0"]
[WhiteElo "2319"]
[BlackElo "2168"]
[TimeControl "180+1"]
[EndTime "11:53:50 PDT"]
[Termination "PavelChernomordik won by checkmate"]

1. e4 c5 2. Nc3 Nc6 3. Bb5 Nd4 4. Bc4 a6 5. a4 g6 6. Nge2 Bg7 7. Nxd4 cxd4 8. Qf3 e6 9. Ne2 Ne7 10. c3 d5 11. Bd3 O-O 12. Nxd4 dxe4 13. Bxe4 Nf5 14. Ne2 Nd6 15. Bc2 e5 16. d3 Be6 17. O-O f5 18. Ng3 e4 19. dxe4 fxe4 20. Qd1 Bc4 21. Re1 Qf6 22.
Be3 Rad8 23. Bd4 Qh4 24. Bxg7 Kxg7 25. Qd4+ Kg8 26. Nxe4 b5 27. Nxd6 Rxd6 28. Qxd6 Qxf2+ 29. Kh1 Qxc2 30. axb5 Qxb2 31. bxa6 Qxc3 32. a7 Bd3 33. Qd5+ Kh8 34. a8=Q Be4 35. Qxf8# 1-0

[Event "*** SCC Grand Prix: Titled Tuesday Blitz"]
[Site "Chess.com"]
[Date "2020.10.13"]
[Round "10"]
[White "TigrVShlyape"]
[Black "Hikaru"]
[Result "0-1"]
[WhiteElo "2871"]
[BlackElo "3200"]
[TimeControl "180+1"]
[EndTime "11:53:51 PDT"]
[Termination "Hikaru won by resignation"]

1. d4 Nf6 2. Nf3 d5 3. Bf4 c5 4. e3 Qb6 5. Nbd2 Qxb2 6. Rb1 Qa3 7. Bb5+ Nc6 8. Ne5 Bd7 9. Nxd7 Nxd7 10. c4 a6 11. Qa4 axb5 12. Qxb5 Qa6 13. cxd5 Nb4 14. Qxa6 bxa6 15. dxc5 Nd3+ 16. Ke2 Nxf4+ 17. exf4 Nxc5 18. Nc4 e6 19. d6 Rd8 20. Rhc1 Ne4 21. d7+ Rxd7 22.
Ne5 Rd8 23. Rb7 Nd6 24. Ra7 f6 25. Nc6 Rc8 26. Rxa6 Nf5 27. Kd3 Ne7 28. a4 Nxc6 29. Rcxc6 Rxc6 30. Rxc6 Kd7 31. Rb6 Bd6 32. Rb7+ Bc7 33.
g3 Ra8 34. Rb4 Bd6 35. Rc4 Rb8 0-1

[Event "*** SCC Grand Prix: Titled Tuesday Blitz"]
[Site "Chess.com"]
[Date "2020.10.13"]
[Round "10"]
[White "mfwagnerpeixoto"]
[Black "ChelsieMonica"]
[Result "1-0"]
[WhiteElo "2276"]
[BlackElo "2371"]
[TimeControl "180+1"]
[EndTime "11:53:53 PDT"]
[Termination "mfwagnerpeixoto won by resignation"]

1. d4 e6 2. c4 d5 3. Nf3 Nf6 4. g3 Bb4+ 5. Bd2 Be7 6. Bg2 O-O 7. O-O Nc6 8. cxd5 exd5 9. Bf4 Bf5 10. Nc3 a6 11. Ne5 Na7 12. Rc1 Rc8 13. Qb3 Rb8 14.
Nxd5 Nxd5 15. Bxd5 Kh8 16. Nxf7+ Rxf7 17. Bxc7 Qf8 18.
Bxb8 Qxb8 19. Bxf7 g6 20. Be6 Be4 21. Qc3 Bd6 22. Qc8+ Nxc8 23. Rxc8+ Qxc8 24. Bxc8 a5 25. b3 Kg7 26. f3 Bc6 27. e4 b6 28. d5 Bc5+ 29.
Kg2 Bb5 30. Rd1 Kf8 31. a4 Be8 32. d6 Bc6 33. d7 1-0

[Event "*** SCC Grand Prix: Titled Tuesday Blitz"]
[Site "Chess.com"]
[Date "2020.10.13"]
[Round "10"]
[White "maxip32"]
[Black "monalize"]
[Result "1-0"]
[WhiteElo "2420"]
[BlackElo "2302"]
[TimeControl "180+1"]
[EndTime "11:53:56 PDT"]
[Termination "maxip32 won by resignation"]

1. e4 c5 2. Nf3 d6 3. d4 cxd4 4. Qxd4 Nc6 5. Bb5 Bd7 6. Qd3 Nf6 7. c4 Rc8 8. Bxc6 Bxc6 9. Nc3 a6 10. O-O g6 11. Rd1 Bg7 12. Nd4 Nd7 13. Be3 O-O 14. Rac1 Ne5 15. Qe2 Bd7 16. b3 Qa5 17. Nd5 Rfe8 18.
b4 Qd8 19. Nb3 Ba4 20. Nb6 Bxb3 21. axb3 Rc6 22. c5 Qb8 23. Nd5 Nd7 24. b5 axb5 25. Qxb5 dxc5 26. Bxc5 Nxc5 27. Rxc5 Rd6 28. Rc7 e6 29. Rxb7 Qd8 30. Nf6+ Bxf6 31. Rxd6 Qxd6 32. Qxe8+ Qf8 33. Qxf8+ Kxf8 34. b4 1-0

[Event "*** SCC Grand Prix: Titled Tuesday Blitz"]
[Site "Chess.com"]
[Date "2020.10.13"]
[Round "10"]
[White "WildBizon"]
[Black "vladislavkovalev"]
[Result "1-0"]
[WhiteElo "2688"]
[BlackElo "2843"]
[TimeControl "180+1"]
[EndTime "11:53:57 PDT"]
[Termination "WildBizon won by resignation"]

1. e4 e5 2. Nf3 Nc6 3. Bb5 a6 4.
Ba4 d6 5. c3 Bd7 6. O-O Nf6 7.
Re1 g6 8. d4 Bg7 9. h3 O-O 10.
dxe5 Nxe5 11. Nxe5 dxe5 12. Bxd7 Nxd7 13. Be3 Qe7 14.
Qb3 b5 15. a4 c6 16. Nd2 Rfd8 17. axb5 axb5 18. Qc2 Nf8 19. b4 Ne6 20. Nb3 Nf4 21. Kh2 h5 22. Rxa8 Rxa8 23. Na5 Rc8 24. Rd1 h4 25. Qd2 Qg5 26. Bxf4 exf4 27. Qd7 Rf8 28. Nxc6 Bxc3 29. Rd5 Qf6 30. e5 Qg7 31. Rxb5 Be1 32. Kg1 f3 33. gxf3 Qh6 34. e6 fxe6 35. Qxe6+ Kh8 36.
Qxe1 Rxf3 37. Qe5+ 1-0

[Event "*** SCC Grand Prix: Titled Tuesday Blitz"]
[Site "Chess.com"]
[Date "2020.10.13"]
[Round "10"]
[White "MaxLeto"]
[Black "Heineccius"]
[Result "0-1"]
[WhiteElo "2329"]
[BlackElo "2530"]
[TimeControl "180+1"]
[EndTime "11:53:57 PDT"]
[Termination "Heineccius won on time"]

1. g4 d5 2. Bg2 c6 3. g5 e5 4.
d4 Nd7 5. h4 Bd6 6. Nc3 Ne7 7.
e4 O-O 8. Be3 exd4 9. Qxd4 c5 10. Qd2 d4 11. Nce2 Ne5 12. Bf4 Nc4 13. Qc1 Qa5+ 14. Bd2 Qb6 15. b3 Nxd2 16. Qxd2 c4 17. Nxd4 c3 18. Qd3 Ng6 19. Nge2 Nf4 0-1

[Event "*** SCC Grand Prix: Titled Tuesday Blitz"]
[Site "Chess.com"]
[Date "2020.10.13"]
[Round "10"]
[White "Ramu_K_FM_FT"]
[Black "A-S-00"]
[Result "0-1"]
[WhiteElo "2108"]
[BlackElo "2271"]
[TimeControl "180+1"]
[EndTime "11:53:58 PDT"]
[Termination "A-S-00 won by resignation"]

1. e4 c5 2. Nf3 Nc6 3. d3 g6 4. g3 Bg7 5. Bg2 e6 6. O-O Nge7 7. Re1 O-O 8. Nbd2 d5 9. exd5 exd5 10.
d4 Nxd4 11. Nxd4 Bxd4 12. Nb3 Bf6 13. Nxc5 b6 14. Nd3 Bb7 15. Bh6 Re8 16. Qd2 Nf5 17.
Rxe8+ Qxe8 18. Re1 Qb5 19. Bf4 h5 20. Be5 Bxe5 21.
Rxe5 Nd6 22. Qh6 Re8 23. Rg5 Qd7 24. Ne5 Rxe5 25. Rxe5 Nc4 26. Bh3 Qc6 27. Re2 d4 28. f3 Ne3 29. c3 Qxf3 30. Bg2 Qxe2 0-1